 Dungeon Crawl Stone Soup version 0.20-b1-18-gaa2fd62 (webtiles) character file.

72 cereshysteria the Charmwright (level 4, -1/34 HPs)
             Began as a Merfolk Skald on May 24, 2017.
             Slain by Terence
             ... wielding a +0 falchion
              (5 damage)
             ... on level 2 of the Dungeon.
             The game lasted 00:10:50 (2392 turns).

cereshysteria the Charmwright (Merfolk Skald)       Turns: 2392, Time: 00:10:50

Health: -1/34      AC:  6    Str: 11    XL:     4   Next: 25%
Magic:  7/7        EV: 10    Int: 12    God:
Gold:   85         SH:  0    Dex: 14    Spells: 6/7 levels left

rFire    . . .     SeeInvis .   a - +0 spear
rCold    . . .     Gourm    .   (no shield)
rNeg     . . .     Faith    .   e - +0 scale mail
rPois    .         Spirit   .   (no helmet)
rElec    .         Reflect  .   (no cloak)
rCorr    .         Harm     .   (no gloves)
MR       .....                  (no boots)
Stlth    ..........             h - amulet of rage
Regen    0.2/turn               (no ring)
MPRegen  0.1/turn               (no ring)

@: no status effects
A: change form in water, swift swim, stealthy swim
a: Evoke Berserk Rage


You were on level 2 of the Dungeon.
You were not hungry.

You visited 1 branch of the dungeon, and saw 2 of its levels.

You collected 85 gold pieces.

Inventory:

Hand Weapons
 a - a +0 spear (weapon)
Missiles
 d - 7 exploding tomahawks (quivered)
Armour
 e - a +0 scale mail (worn)
 f - a +1 hat
 g - a +1 helmet
Jewellery
 h - an amulet of rage (around neck)
Scrolls
 j - 2 scrolls of identify
Books
 c - a book of Battle

   Spells                             Type                      Level
   a - Infusion                       Charms                       1
   b - Shroud of Golubria             Charms/Translocation         2
   c - Song of Slaying                Charms                       2
   d - Spectral Weapon                Hexes/Charms                 3
   e - Regeneration                   Charms/Necromancy            3


   Skills:
 + Level 2.9 Fighting
 + Level 3.8 Polearms
 + Level 1.6 Armour
 + Level 3.1 Dodging
 + Level 2.0 Spellcasting
 + Level 3.8 Charms


You had 6 spell levels left.
You knew the following spells:

 Your Spells              Type           Power        Failure   Level  Hunger
a - Infusion              Chrm           ##..         32%         1    ##.....


Dungeon Overview and Level Annotations

Branches:
Dungeon (2/15)

Altars:

Annotations:
D:2 Natasha, Terence


Message History

You hear a shout!
You hear an angry hiss.
The rat barely misses you. Terence hits you but does no damage.
Unknown command.
Unknown command.
Number of times to repeat, then command key: You must enter the number of times for the command to repeat.
You are too injured to fight recklessly!
You hit the rat.
You kill the rat!
Terence hits you but does no damage.
Natasha wildly gestures.
You feel troubled.
A frilled lizard comes into view.
The frilled lizard unfolds its giant frill.
Your magical contamination has completely faded away.
Natasha mumbles some strange words.
Natasha glows brightly for a moment.
The frilled lizard bites you but does no damage.
Terence hits you with a falchion.
You die...

)#######..# ### @# #..#
... .# #..###.#.#
†#######........#
...h.....5....#.#
#########.#####.######.
#.#####........
#...5..l######..
######h@@.......
##......... ##########


You could see Terence, an iron imp, Natasha and a frilled lizard.

Vanquished Creatures
  Robin (D:2)
  2 adders (D:2)
  An ooze (D:1)
  A worm (D:2)
  A dart slug (D:1)
  A leopard gecko (D:1)
  3 bats
  8 goblins
  3 jackals (D:2)
  5 kobolds
  A quokka (D:2)
  2 frilled lizards
  5 rats
34 creatures vanquished.

Notes
Turn   | Place    | Note
-------+----------+-------------------------------------------
     0 | D:1      | cereshysteria the Merfolk Skald began the quest for the Orb.
     0 | D:1      | Reached XP level 1. HP: 16/16 MP: 3/3
   379 | D:1      | Reached XP level 2. HP: 16/22 MP: 5/5
  1249 | D:2      | Reached XP level 3. HP: 23/28 MP: 6/6
  1718 | D:2      | Reached skill level 1 in Armour
  1750 | D:2      | HP: 1/28 [poisoned by an adder]
  2162 | D:2      | Noticed Robin
  2197 | D:2      | Killed Robin
  2197 | D:2      | Reached XP level 4. HP: 29/34 MP: 7/7
  2299 | D:2      | Noticed Natasha
  2303 | D:2      | Noticed Terence
  2392 | D:2      | Slain by Terence

Skill      XL: |  1  2  3 |
---------------+----------+-----
Dodging        | 3 |  3.1
Armour         | 1 |  1.6
Fighting       | |  2.9
Polearms       | |  3.8
Spellcasting   | |  2.0
Charms         | |  3.8

Action                   |  1- 3 |  4- 6 || total
-------------------------+-------+-------++-------
Melee: Spear             |   130 |    37 ||   167
Throw: Tomahawk          |       |     1 ||     1
 Cast: Infusion          |       |     2 ||     2
  Use: Potion            |     2 |     2 ||     4
       Scroll            |     1 |     2 ||     3
  Eat: Bread ration      |     1 |       ||     1
Armor: Scale mail        |   100 |    23 ||   123
       Skin              |       |     4 ||     4
Dodge: Dodged            |    82 |    27 ||   109
